 Dungeon Crawl Stone Soup version 0.29.1-1-gd02db6906a (webtiles) character file.

Game seed: 3489731171930063968

14 byup the Changer (level 2, -2/22 HPs)
             Began as a Human Wanderer on Oct 12, 2022.
             Slain by an adder (3 damage)
             ... on level 2 of the Dungeon.
             The game lasted 00:03:45 (911 turns).

byup the Changer (Human Wanderer)                    Turns: 911, Time: 00:03:45

Health: -2/22      AC:  3    Str: 11    XL:     2   Next: 60%
Magic:  3/3        EV: 11    Int: 11    God:
Gold:   25         SH:  0    Dex: 14    Spells: 2/3 levels left

rFire   . . .      SeeInvis .   a - +1 hand axe
rCold   . . .      Faith    .   (no shield)
rNeg    . . .      Spirit   .   c - +0 robe
rPois   .          Reflect  .   (no helmet)
rElec   .          Harm     .   (no cloak)
rCorr   .          Rampage  .   f - +0 pair of gloves
Will    .....                   (no boots)
Stlth   +.........              (no amulet)
HPRegen 0.07/turn               (no ring)
MPRegen 0.08/turn               (no ring)

@: very slow
A: no striking features
a: no special abilities


You were on level 2 of the Dungeon.
You visited 1 branch of the dungeon, and saw 2 of its levels.

You collected 25 gold pieces.

Inventory:

Hand Weapons
 a - a +1 hand axe (weapon)
Missiles
 d - 9 stones
 g - 2 boomerangs
Armour
 c - a +0 robe (worn)
 f - a +0 pair of gloves (worn)
Scrolls
 b - a scroll of poison {unknown}
Potions
 e - a potion of mutation {unknown}


   Skills:
 + Level 2.1 Fighting
 + Level 1.0 Axes
 + Level 2.0 Stealth
 + Level 1.0 Spellcasting
 + Level 4.5 Transmutations


You had 2 spell levels left.
You knew the following spells:

 Your Spells              Type           Power      Damage    Failure   Level
a - Sting                 Tmut/Pois      20%        1d4       13%         1

Your spell library contained the following spells:

 Spells                   Type           Power      Damage    Failure   Level
 Wereblood                Tmut           10%        N/A       8%          2
 Ignite Poison            Fire/Tmut/Pois 3%         N/A       45%         3
 Mephitic Cloud           Conj/Pois/Air  0%         N/A       67%         3
 Petrify                  Tmut/Erth      5%         N/A       77%         4
 Freezing Cloud           Conj/Ice/Air   0%         6-21      100%        5


Dungeon Overview and Level Annotations

Branches:
Dungeon (2/15)

Altars:


Message History

You barely miss the adder.
The adder is lightly wounded.
The adder closely misses you. The adder bites you.
You barely miss the adder.
The adder is lightly wounded.
The adder barely misses you.
You hit the adder.
The adder is heavily wounded.
The adder closely misses you. The adder bites you but does no damage.
You hit the adder.
The adder is heavily wounded.
The adder completely misses you.
You barely miss the adder.
The adder is heavily wounded.
The adder bites you. x2
You closely miss the adder.
The adder is heavily wounded.
The adder barely misses you. The adder bites you.
You are poisoned.
The adder poisons you!
You closely miss the adder.
The adder is heavily wounded.
You feel sick. The adder barely misses you.
You hit the adder.
The adder is almost dead.
You feel sick. The adder barely misses you.
The adder bites you but does no damage.
A ball python comes into view.
You feel sick. The adder bites you.
* * * LOW HITPOINT WARNING * * *
You enter the shallow water.
Moving in this stuff is going to be slow.
You feel sick. The adder bites you.
* * * LOW HITPOINT WARNING * * *
You closely miss the ball python. You miss the adder.
* * * LOW HITPOINT WARNING * * *
You feel sick.
You are no longer poisoned.
The adder bites you.
You die...

...........
..........#
~~~.~~≈~.[#
≈≈~.~≈≈~..#
≈≈~.~≈≈~.!#
≈~~.≈≈≈~..#
....~~~~..#
S~...$....######.
~~.~≈~~@S........
≈~.≈≈≈≈S....####
≈~.≈≈≈≈~....####
~~.≈~~~~.......#
...............#
.........<.>...#
#########...####
#...# #...#


You could see an adder and 2 ball pythons.

Vanquished Creatures
  2 ball pythons (D:1)
  An endoplasm (D:1)
  2 giant cockroaches (D:1)
  A hobgoblin (D:1)
  3 jackals (D:1)
  A quokka (D:1)
  A bat (D:1)
  A rat (D:1)
12 creatures vanquished.

Notes
Turn   | Place    | Note
-------+----------+-------------------------------------------
     0 | D:1      | byup the Human Wanderer began the quest for the Orb.
     0 | D:1      | byup set off with the following items: a +1 hand axe, a
                  | scroll of vulnerability, a +0 robe; and the following spell
                  | memorised: Sting; and the following spells available to
                  | memorise: Wereblood, Petrify.
     0 | D:1      | Reached XP level 1. HP: 16/16 MP: 2/2
   152 | D:1      | Reached XP level 2. HP: 16/22 MP: 3/3
   911 | D:2      | HP: 1/22 [poisoned by an adder]
   911 | D:2      | Slain by an adder

Illustrated notes

Levels and vault maps discovered:
D:1:      dpeg_arrival_rooms_b, layout_rooms
D:2:      layout_loops_ring, basic_altar, basic_ecumenical_altar,
          nicolae_eternal_life, ebering_dispersal_statue_hall, minivault_14

Action                   || total
-------------------------++-------
Melee: Hand axe          ||    41
       Punch             ||     1
Armor: Robe              ||    12
Dodge: Dodged            ||    44
